TOP OF THE 1ST |
Key West Barracudas batting - Pitching for BlackIron Dragons : RHP José Moreno
|
Pitching: RHP José Moreno
|
|
Batting: RHB Ramiro Javier
|
0-0: Foul Ball, location: 2F 0-1: Foul Ball, location: 2F 0-2: Ball 1-2: Ground out U3 (Groundball, 3)
|
Batting: SHB Eric Pimentel
|
0-0: Swinging Strike 0-1: Foul Ball, location: 2F 0-2: Strikes out swinging
|
Batting: SHB Brock Owens
|
0-0: Called Strike 0-1: SINGLE (Line Drive, 8LS)
|
Batting: RHB Cris Lugo
|
0-0: Ball 1-0: Swinging Strike 1-1: Foul Ball, location: 2F 1-2: Ball 2-2: Strikes out swinging
|
Top of the 1st over - 0 runs, 1 hit, 0 errors, 1 left on base; Key West 0 - BlackIron 0 |
BOTTOM OF THE 1ST |
BlackIron Dragons batting - Pitching for Key West Barracudas : RHP Dale Polk
|
Pitching: RHP Dale Polk
|
|
Batting: RHB Joaquín Valenzuela
|
0-0: Called Strike 0-1: Foul Ball, location: 2F 0-2: Foul Ball, location: 2F 0-2: Foul Ball, location: 2F 0-2: Strikes out looking
|
Batting: SHB David Boyle
|
0-0: Called Strike 0-1: Ball 1-1: Ball 2-1: Bunt missed! 2-2: Foul Ball, location: 2F 2-2: SINGLE (Groundball, 4D)
|
Batting: LHB José Martínez
|
0-0: Ball David Boyle is caught stealing 2nd base 1-0: Called Strike 1-1: SOLO HOME RUN (Flyball, 9LD), Distance : 374 ft
|
Batting: RHB Foster Hapgood
|
0-0: Swinging Strike 0-1: Ground out 1-3 (Groundball, P)
|
Bottom of the 1st over - 1 run, 2 hits, 0 errors, 0 left on base; Key West 0 - BlackIron 1 |
TOP OF THE 2ND |
Key West Barracudas batting - Pitching for BlackIron Dragons : RHP José Moreno
|
Batting: SHB Júlio Ayala
|
0-0: Ball 1-0: Ball 2-0: Called Strike 2-1: SINGLE (Groundball, 34D)
|
Batting: LHB Mauro Díaz
|
0-0: Ball 1-0: Called Strike 1-1: Fielders Choice at 2nd, 4-6 (Groundball, 4)
|
Batting: LHB Juan Lima
|
0-0: Fly out, F9 (Line Drive, 89D)
|
Batting: RHB Anastasio Zartuche
|
0-0: Foul Ball, location: 2F 0-1: Ground out 5-3 (Groundball, 56)
|
Top of the 2nd over - 0 runs, 1 hit, 0 errors, 1 left on base; Key West 0 - BlackIron 1 |
BOTTOM OF THE 2ND |
BlackIron Dragons batting - Pitching for Key West Barracudas : RHP Dale Polk
|
Batting: RHB Iván Granados
|
0-0: Foul Ball, location: 2F 0-1: Ball 1-1: Swinging Strike 1-2: Ball 2-2: Strikes out looking
|
Batting: RHB Jimmy King
|
0-0: Foul Ball, location: 2F 0-1: Hit by Pitch
|
Batting: RHB Randall Walker
|
0-0: Ball 1-0: Called Strike Jimmy King steals 2nd base 1-1: Fly out, F7 (Flyball, 78M)
|
Batting: RHB Millard Long
|
0-0: Foul Ball, location: 2F 0-1: Called Strike 0-2: Ball 1-2: Foul Ball, location: 2F 1-2: Ball 2-2: Ground out 6-3 (Groundball, 6)
|
Bottom of the 2nd over - 0 runs, 0 hits, 0 errors, 1 left on base; Key West 0 - BlackIron 1 |
TOP OF THE 3RD |
Key West Barracudas batting - Pitching for BlackIron Dragons : RHP José Moreno
|
Batting: LHB Howard White
|
0-0: Ball 1-0: SINGLE (Line Drive, 4)
|
Batting: RHB Ramiro Javier
|
0-0: Called Strike 0-1: Fly out, F9 (Line Drive, 9S)
|
Batting: SHB Eric Pimentel
|
0-0: Ball 1-0: Called Strike 1-1: Ball 2-1: Ground out 3-1 (Groundball, 3) Howard White to second
|
Batting: SHB Brock Owens
|
0-0: Called Strike 0-1: Ball 1-1: SINGLE (Groundball, 6S) (infield hit) Howard White to third
|
Batting: RHB Cris Lugo
|
0-0: Swinging Strike 0-1: Swinging Strike 0-2: Foul Ball, location: 2F 0-2: Strikes out swinging
|
Top of the 3rd over - 0 runs, 2 hits, 0 errors, 2 left on base; Key West 0 - BlackIron 1 |
BOTTOM OF THE 3RD |
BlackIron Dragons batting - Pitching for Key West Barracudas : RHP Dale Polk
|
Batting: RHB Júlio Rodríguez
|
0-0: Ball 1-0: Ball 2-0: Ball 3-0: Base on Balls
|
Batting: RHB Joaquín Valenzuela
|
0-0: Ball 1-0: Swinging Strike 1-1: Ball 2-1: Fielders Choice at 2nd, 3-6 (Groundball, 34)
|
Batting: SHB David Boyle
|
0-0: Called Strike 0-1: Ball 1-1: Ball 2-1: Fly out, F7 (Flyball, 7LM)
|
Batting: LHB José Martínez
|
0-0: Called Strike 0-1: Foul Ball, location: 2F 0-2: Ball Throwing error on steal attempt, E2 Joaquín Valenzuela to third 1-2: Foul Ball, location: 2F 1-2: Ball 2-2: Foul Ball, location: 2F 2-2: Foul Ball, location: 2F 2-2: Strikes out swinging
|
Bottom of the 3rd over - 0 runs, 0 hits, 1 error, 1 left on base; Key West 0 - BlackIron 1 |
TOP OF THE 4TH |
Key West Barracudas batting - Pitching for BlackIron Dragons : RHP José Moreno
|
Batting: SHB Júlio Ayala
|
0-0: Called Strike 0-1: Ground out 6-3 (Groundball, 6)
|
Batting: LHB Mauro Díaz
|
0-0: Ball 1-0: Ball 2-0: Ball 3-0: Base on Balls
|
Batting: LHB Juan Lima
|
0-0: Ball 1-0: Ball 2-0: Ball 3-0: Base on Balls Mauro Díaz to second
|
Batting: RHB Anastasio Zartuche
|
0-0: Called Strike 0-1: Ball 1-1: Ball 2-1: Ball 3-1: Foul Ball, location: 2F 3-2: Foul Ball, location: 2F 3-2: Base on Balls Mauro Díaz to third Juan Lima to second
|
Batting: LHB Howard White
|
0-0: Ball 1-0: Swinging Strike 1-1: Swinging Strike 1-2: Fly out, F8 (Flyball, 8RXD) Runner from 3rd tags up, SCORES, no throw Juan Lima to third
|
Batting: RHB Ramiro Javier
|
0-0: Ground out 3-1 (Groundball, 34)
|
Top of the 4th over - 1 run, 0 hits, 0 errors, 2 left on base; Key West 1 - BlackIron 1 |
BOTTOM OF THE 4TH |
BlackIron Dragons batting - Pitching for Key West Barracudas : RHP Dale Polk
|
Batting: RHB Foster Hapgood
|
0-0: Ball 1-0: Swinging Strike 1-1: SINGLE (Groundball, 6MD)
|
Batting: RHB Iván Granados
|
0-0: Called Strike 0-1: Ground out U3 (Groundball, 34) Foster Hapgood to second
|
Batting: RHB Jimmy King
|
0-0: Called Strike 0-1: Foul Ball, location: 2F 0-2: Ball 1-2: Ball 2-2: Foul Ball, location: 2F 2-2: SINGLE (Groundball, 56S) (infield hit) Foster Hapgood to third
|
Batting: RHB Randall Walker
|
0-0: Ball 1-0: Swinging Strike 1-1: Foul Ball, location: 2F 1-2: Foul Ball, location: 2F 1-2: Foul Ball, location: 2F 1-2: Strikes out swinging
|
Batting: RHB Millard Long
|
0-0: Ball 1-0: Foul Ball, location: 2F 1-1: Ball 2-1: Ball 3-1: Base on Balls Jimmy King to second
|
Batting: RHB Júlio Rodríguez
|
0-0: Fielders Choice at 2nd, 5-4 (Groundball, 56)
|
Bottom of the 4th over - 0 runs, 2 hits, 0 errors, 3 left on base; Key West 1 - BlackIron 1 |
TOP OF THE 5TH |
Key West Barracudas batting - Pitching for BlackIron Dragons : RHP José Moreno
|
Batting: SHB Eric Pimentel
|
0-0: Ball 1-0: SINGLE (Flyball, 7LM)
|
Batting: SHB Brock Owens
|
0-0: Swinging Strike 0-1: Ball 1-1: SINGLE (Flyball, 78S) Eric Pimentel to second
|
Batting: RHB Cris Lugo
|
0-0: Ball 1-0: SINGLE (Line Drive, 8LS) Eric Pimentel to third Brock Owens to second
|
Batting: SHB Júlio Ayala
|
0-0: Ball 1-0: Ball 2-0: Ball 3-0: Base on Balls Eric Pimentel scores Brock Owens to third Cris Lugo to second
|
Batting: LHB Mauro Díaz
|
0-0: Ball 1-0: Ball 2-0: Called Strike 2-1: Ball 3-1: Called Strike 3-2: Foul Ball, location: 2F 3-2: Base on Balls Brock Owens scores Cris Lugo to third Júlio Ayala to second
|
Batting: LHB Juan Lima
|
0-0: Called Strike 0-1: Foul Ball, location: 2F 0-2: Ball 1-2: Strikes out looking
|
Batting: RHB Anastasio Zartuche
|
0-0: Called Strike 0-1: Called Strike 0-2: Strikes out swinging
|
Batting: LHB Howard White
|
0-0: Ball 1-0: Ball 2-0: Foul Ball, location: 2F 2-1: Foul Ball, location: 2F 2-2: Foul Ball, location: 2F 2-2: Fly out, F9 (Flyball, 89S)
|
Top of the 5th over - 2 runs, 3 hits, 0 errors, 3 left on base; Key West 3 - BlackIron 1 |
BOTTOM OF THE 5TH |
BlackIron Dragons batting - Pitching for Key West Barracudas : RHP Dale Polk
|
Batting: RHB Joaquín Valenzuela
|
0-0: Ball 1-0: Foul Ball, location: 2F 1-1: Swinging Strike 1-2: Strikes out looking
|
Batting: SHB David Boyle
|
0-0: Foul Ball, location: 2F 0-1: Ball 1-1: Ball 2-1: Fly out, F3 (Line Drive, 34)
|
Batting: LHB José Martínez
|
0-0: Ball 1-0: Ball 2-0: Called Strike 2-1: Swinging Strike 2-2: Ball 3-2: Fly out, F3 (Line Drive, 3S)
|
Bottom of the 5th over - 0 runs, 0 hits, 0 errors, 0 left on base; Key West 3 - BlackIron 1 |
TOP OF THE 6TH |
Key West Barracudas batting - Pitching for BlackIron Dragons : RHP José Moreno
|
Batting: RHB Ramiro Javier
|
0-0: Ball 1-0: Foul Ball, location: 2F 1-1: Called Strike 1-2: DOUBLE (Groundball, 5L)
|
Batting: SHB Eric Pimentel
|
0-0: Intentional Walk
|
Pitching: RHP Kieron Lahyani
|
|
Batting: SHB Brock Owens
|
0-0: Swinging Strike 0-1: Fly out, F8 (Flyball, 8LD)
|
Batting: RHB Cris Lugo
|
0-0: Called Strike Ramiro Javier steals 3rd base Eric Pimentel to second 0-1: Fly out, F8 (Flyball, 8RM) Runner from 3rd tags up, SCORES, no throw
|
Batting: SHB Júlio Ayala
|
0-0: Ball 1-0: Called Strike 1-1: Ball 2-1: Ball 3-1: Called Strike 3-2: SINGLE (Groundball, 4S) (infield hit) Eric Pimentel to third
|
Batting: LHB Mauro Díaz
|
0-0: Ball 1-0: Ball 2-0: Foul Ball, location: 2F 2-1: Ball 3-1: Base on Balls Júlio Ayala to second
|
Batting: LHB Juan Lima
|
0-0: Ball 1-0: Called Strike 1-1: SINGLE (Groundball, 4MD) Eric Pimentel scores Júlio Ayala to third Mauro Díaz to second Runner from 3rd tries for Home, SAFE, no throw
|
Batting: RHB Anastasio Zartuche
|
0-0: Foul Ball, location: 2F 0-1: Ball 1-1: Foul Ball, location: 2F 1-2: Ball 2-2: Foul Ball, location: 2F 2-2: Fielders Choice at 2nd, 6-4 (Groundball, 6)
|
Top of the 6th over - 3 runs, 3 hits, 0 errors, 2 left on base; Key West 6 - BlackIron 1 |
BOTTOM OF THE 6TH |
BlackIron Dragons batting - Pitching for Key West Barracudas : RHP Dale Polk
|
Pitching: RHP José Cuellar
|
|
Batting: RHB Foster Hapgood
|
0-0: Ball 1-0: Ball 2-0: Called Strike 2-1: Ball 3-1: Base on Balls
|
Batting: RHB Iván Granados
|
0-0: Ball 1-0: Foul Ball, location: 2F 1-1: Called Strike 1-2: Strikes out swinging
|
Batting: RHB Jimmy King
|
0-0: Ball 1-0: Ball 2-0: Ball 3-0: Base on Balls Foster Hapgood to second
|
Batting: RHB Randall Walker
|
0-0: Called Strike 0-1: Ball 1-1: Grounds into double play, 5-4-3 (Groundball, 56)
|
Bottom of the 6th over - 0 runs, 0 hits, 0 errors, 1 left on base; Key West 6 - BlackIron 1 |
TOP OF THE 7TH |
Key West Barracudas batting - Pitching for BlackIron Dragons : RHP Kieron Lahyani
|
Batting: LHB Howard White
|
0-0: Called Strike 0-1: Ball 1-1: Called Strike 1-2: Foul Ball, location: 2F 1-2: Ball 2-2: Foul Ball, location: 2F 2-2: Ball 3-2: Strikes out looking
|
Batting: RHB Ramiro Javier
|
0-0: Foul Ball, location: 2F 0-1: Ball 1-1: Foul Ball, location: 2F 1-2: Ball 2-2: Strikes out swinging
|
Batting: SHB Eric Pimentel
|
0-0: Called Strike 0-1: Foul Ball, location: 2F 0-2: Ball 1-2: Strikes out swinging
|
Top of the 7th over - 0 runs, 0 hits, 0 errors, 0 left on base; Key West 6 - BlackIron 1 |
BOTTOM OF THE 7TH |
BlackIron Dragons batting - Pitching for Key West Barracudas : RHP José Cuellar
|
Batting: RHB Millard Long
|
0-0: Called Strike 0-1: Foul Ball, location: 2F 0-2: Ball 1-2: Ball 2-2: Ball 3-2: Fly out, F8 (Line Drive, 8LM)
|
Batting: RHB Júlio Rodríguez
|
0-0: Ball 1-0: Ball 2-0: Ball 3-0: Base on Balls
|
Batting: RHB Joaquín Valenzuela
|
0-0: Ball Passed Ball! Júlio Rodríguez to second 1-0: Called Strike 1-1: Ball 2-1: Called Strike 2-2: Ball 3-2: Foul Ball, location: 2F 3-2: Base on Balls
|
Batting: SHB David Boyle
|
0-0: Called Strike 0-1: Ball 1-1: Fly out, F9 (Flyball, 89M)
|
Batting: LHB José Martínez
|
0-0: Called Strike 0-1: Ball 1-1: Swinging Strike 1-2: Ball 2-2: DOUBLE (Flyball, 8RXD) Júlio Rodríguez scores Joaquín Valenzuela to third Runner from 3rd tries for Home, SAFE, no throw
|
Batting: RHB Foster Hapgood
|
0-0: Called Strike 0-1: Foul Ball, location: 2F 0-2: Ball 1-2: Foul Ball, location: 2F 1-2: Ball 2-2: Foul Ball, location: 2F 2-2: Ball 3-2: SINGLE (Groundball, 34D) José Martínez to third José Martínez scores
|
Pitching: LHP Stanley Wise
|
|
Batting: RHB Iván Granados
|
0-0: Foul Ball, location: 2F 0-1: Ball 1-1: Ball 2-1: Foul Ball, location: 2F 2-2: 2-RUN HOME RUN (Line Drive, 7LD), Distance : 398 ft
|
Batting: RHB Jimmy King
|
0-0: Called Strike 0-1: Fly out, F6 (Line Drive, 6)
|
Bottom of the 7th over - 5 runs, 3 hits, 0 errors, 0 left on base; Key West 6 - BlackIron 6 |
TOP OF THE 8TH |
Key West Barracudas batting - Pitching for BlackIron Dragons : RHP Kieron Lahyani
|
Batting: SHB Brock Owens
|
0-0: Ball 1-0: Fly out, F7 (Flyball, 7D)
|
Batting: RHB Cris Lugo
|
0-0: Ball 1-0: Foul Ball, location: 2F 1-1: Swinging Strike 1-2: Strikes out swinging
|
Pitching: RHP Jorge Román
|
|
Batting: SHB Júlio Ayala
|
0-0: Foul Ball, location: 2F 0-1: Swinging Strike 0-2: Strikes out looking
|
Top of the 8th over - 0 runs, 0 hits, 0 errors, 0 left on base; Key West 6 - BlackIron 6 |
BOTTOM OF THE 8TH |
BlackIron Dragons batting - Pitching for Key West Barracudas : LHP Stanley Wise
|
Batting: RHB Randall Walker
|
0-0: Ball 1-0: Fly out, F5 (Line Drive, 5)
|
Batting: RHB Millard Long
|
0-0: Called Strike 0-1: Foul Ball, location: 2F 0-2: Strikes out swinging
|
Batting: RHB Júlio Rodríguez
|
0-0: Called Strike 0-1: Foul Ball, location: 2F 0-2: Strikes out swinging
|
Bottom of the 8th over - 0 runs, 0 hits, 0 errors, 0 left on base; Key West 6 - BlackIron 6 |
TOP OF THE 9TH |
Key West Barracudas batting - Pitching for BlackIron Dragons : RHP Jorge Román
|
Pitching: RHP Juan Carlos Guerrero
|
|
Batting: LHB Mauro Díaz
|
0-0: Called Strike 0-1: Ball 1-1: Ball 2-1: Swinging Strike 2-2: Fly out, F7 (Flyball, 7LS)
|
Batting: LHB Juan Lima
|
0-0: Ball 1-0: Ball 2-0: Foul Ball, location: 2F 2-1: Called Strike 2-2: Ball 3-2: Foul Ball, location: 2F 3-2: Strikes out looking
|
Batting: RHB Anastasio Zartuche
|
0-0: Called Strike 0-1: Fly out, F8 (Flyball, 8LD)
|
Top of the 9th over - 0 runs, 0 hits, 0 errors, 0 left on base; Key West 6 - BlackIron 6 |
BOTTOM OF THE 9TH |
BlackIron Dragons batting - Pitching for Key West Barracudas : LHP Stanley Wise
|
Pinch Hitting: RHB Ryan Jackson
|
0-0: Ball 1-0: Called Strike 1-1: SOLO HOME RUN (Flyball, 7LD), Distance : 375 ft
|
Saturday, April 7th, 2018 - OOTP Baseball 18.8 Build 76
|
|